 Dungeon Crawl Stone Soup version 0.27-a0-1281-ge233d83751 (webtiles) character file.

Game seed: 7881741548671398981

383 Grim the Skirmisher (level 6, -4/102 HPs)
             Began as an Ogre Berserker on June 13, 2021.
             Was a Priest of Trog.
             Slain by a lemure (6 damage)
             ... led by Pikel
             ... on level 5 of the Dungeon.
             The game lasted 00:05:41 (5692 turns).

Grim the Skirmisher (Ogre Berserker)                Turns: 5692, Time: 00:05:41

Health: -4/102     AC:  3    Str: 22    XL:     6   Next: 76%
Magic:  6/6        EV: 10    Int:  8    God:    Trog [***...]
Gold:   171        SH:  0    Dex: 10    Spells: 5/5 levels left

rFire    . . .     SeeInvis .   a - +0 mace
rCold    . . .     Faith    .   (no shield)
rNeg     . . .     Spirit   .   b - +0 animal skin
rPois    .         Reflect  .   (helmet restricted)
rElec    .         Harm     .   (no cloak)
rCorr    .         Rampage  .   (gloves unavailable)
Will     .....                  (boots unavailable)
Stlth    ..........             (no amulet)
HPRegen  0.27/turn              (no ring)
MPRegen  0.10/turn              (no ring)

@: berserking (expiring), very quick
A: large, unfitting armour, tough skin 1
a: Renounce Religion, Berserk, Trog's Hand


You were on level 5 of the Dungeon.
You worshipped Trog.
Trog was most pleased with you.
You visited 1 branch of the dungeon, and saw 5 of its levels.
You also visited: Sewer.

You collected 171 gold pieces.

Inventory:

Hand Weapons
 a - a +0 mace (weapon)
Missiles
 n - a throwing net
Armour
 b - a +0 animal skin (worn)
Scrolls
 c - 3 scrolls of fog {unknown}
 d - 2 scrolls of amnesia {unknown}
 e - 4 scrolls of identify {unknown}
 f - 2 scrolls of immolation {unknown}
 g - a scroll of blinking {unknown}
 i - a scroll of teleportation {unknown}
 o - a scroll of holy word {unknown}
Potions
 h - 2 potions of heal wounds {unknown}
 j - 2 potions of magic {unknown}
 k - a potion of might {unknown}
 l - a potion of brilliance {unknown}
 m - a potion of haste {unknown}
 p - a potion of curing {unknown}


   Skills:
 + Level 6.4 Fighting
 * Level 5.7 Maces & Flails
 - Level 2.6 Dodging


You had 5 spell levels left.
You didn't know any spells.
Your spell library was empty.

Dungeon Overview and Level Annotations

Branches:
Dungeon (5/15)              Sewer (visited)
 Temple: D:4-7

Altars:
Xom

Annotations:
D:5 Pikel


Innate Abilities, Weirdness & Mutations

You are too large for most types of armour.
You have tough skin. (AC +1)


Message History

The lemure closely misses you. The lemure barely misses you.
The lemure misses you. The lemure hits you.
* * * LOW HITPOINT WARNING * * *
Pikel says, "All the lords of Hell know my name!"
Pikel misses you.
You barely miss Pikel.
Pikel is lightly wounded.
The lemure hits you.
* * * LOW HITPOINT WARNING * * *
The lemure barely misses you. The lemure misses you.
Pikel hits you with a +1 whip of electrocution!
* * * LOW HITPOINT WARNING * * *
You are electrocuted!!
* * * LOW HITPOINT WARNING * * *
The lemure barely misses you.
You closely miss Pikel.
Pikel is lightly wounded.
The lemure hits you!
* * * LOW HITPOINT WARNING * * *
The lemure hits you.
* * * LOW HITPOINT WARNING * * *
You closely miss Pikel.
Pikel is lightly wounded.
Pikel misses you. The lemure hits you.
* * * LOW HITPOINT WARNING * * *
The lemure misses you. The lemure completely misses you.
Unknown command.
You barely miss Pikel.
Pikel is lightly wounded.
The lemure barely misses you. The lemure closely misses you.
The lemure hits you!
* * * LOW HITPOINT WARNING * * *
Pikel closely misses you.
You hit Pikel.
Pikel is lightly wounded.
The lemure completely misses you. The lemure barely misses you.
The lemure hits you.
* * * LOW HITPOINT WARNING * * *
Pikel misses you. The lemure hits you.
You die...

..... #... #... #..#
...# # #..###.# #
#K5....# # .#####
##@5.## . ....#
##5.5..## #.##..#
##.......#
#.#...####.........#
#........'.........+
#.###.<.####.........#
#.......#####.......##
#.........# ##.....##
#.###.###.# ##...##


You could see Pikel and 4 lemures.

Vanquished Creatures
  A bullfrog zombie (D:5)
  An orc priest (D:3)
  Jessica (D:3)
  2 orc wizards
  Natasha (thrice) (D:3)
  A killer bee zombie (D:4)
  5 adders
  2 worms
  2 dart slugs
  6 orcs
  9 ball pythons
  9 endoplasms
  5 giant cockroaches
  3 goblins
  9 hobgoblins
  9 jackals
  2 quokkas
  8 bats
  4 frilled lizards
  10 kobolds
  4 rats
96 creatures vanquished.

Vanquished Creatures (others)
  18 plants
  3 withered plants (D:2)
21 creatures vanquished.

Grand Total: 117 creatures vanquished

Notes
Turn   | Place    | Note
-------+----------+-------------------------------------------
     0 | D:1      | Grim the Ogre Berserker began the quest for the Orb.
     0 | D:1      | Reached XP level 1. HP: 24/24 MP: 1/1
   223 | D:1      | Reached XP level 2. HP: 18/32 MP: 2/2
  1140 | D:1      | Reached XP level 3. HP: 33/40 MP: 3/3
  1606 | D:2      | Found a shimmering altar of Xom.
  2023 | D:2      | Found a faded altar of an unknown god.
  2134 | D:2      | Reached ** piety under Trog
  2297 | D:2      | You fall into a shaft and drop 1 floor!
  2304 | D:3      | Noticed Jessica
  2308 | D:3      | Killed Jessica
  2309 | D:3      | Reached skill level 5 in Fighting
  2309 | D:3      | Reached XP level 4. HP: 50/50 MP: 4/4
  2608 | D:3      | Found a glowing drain.
  2614 | Sewer    | Entered a sewer
  2756 | Sewer    | Reached XP level 5. HP: 35/57 MP: 5/5
  3501 | D:3      | Noticed Natasha
  3505 | D:3      | Killed Natasha
  3693 | D:3      | Noticed Natasha
  3697 | D:3      | Killed Natasha
  3839 | D:3      | Noticed Natasha
  3843 | D:3      | Killed Natasha
  3844 | D:3      | Reached skill level 5 in Maces & Flails
  4000 | D:3      | Reached skill level 6 in Fighting
  4000 | D:3      | Reached XP level 6. HP: 61/67 MP: 6/6
  4341 | D:3      | Reached *** piety under Trog
  5525 | D:5      | Entered Level 5 of the Dungeon
  5678 | D:5      | Noticed Pikel
  5692 | D:5      | HP: 2/102 [lemure[Pikel] (4)]
  5692 | D:5      | Slain by a lemure

Illustrated notes

Levels and vault maps discovered:
D:1:      nicolae_arrival_washed_ashore, layout_basic, minmay_misc_feat_tower,
          minmay_heptomino_o4
D:2:      layout_basic, shapermc_ecumenical_altar_flowoftime, basic_altar
D:3:      layout_basic, portal_sewer_entry_e, uniq_natasha, uniq_jessica
D:4:      layout_basic, grunt_ministairs_4
D:5:      lemuel_castle_with_subvaults [lemuel_castle_interior_carwin_1],
          layout_loops_corners, minmay_temple_entry_steel_oval, uniq_pikel

Skill      XL: |  1  2  3  4  5 |
---------------+----------------+-----
Maces & Flails | 3 4 5 |  5.7
Fighting       | 5 6 |  6.4
Dodging        | |  2.6

Action                   |  1- 3 |  4- 6 || total
-------------------------+-------+-------++-------
Melee: Mace              |   102 |   224 ||   326
Invok: Berserk           |     2 |     2 ||     4
Armor: Animal skin       |    47 |    66 ||   113
Dodge: Dodged            |    66 |   118 ||   184

Table legend: (Time is in decaauts)
 A = Elapsed time spent in this place.
 B = Non-inter-level travel time spent in this place.
 C = Inter-level travel time spent in this place.
 D = Time resting spent in this place.
 E = Time spent auto-exploring this place.
 F = Levels seen in this place.
 G = Mean time per level.
                   A        B        C        D        E       F      G
               +--------+--------+--------+--------+--------+-----+--------+
         Total |   5921 |   5790 |    131 |   1077 |   3792 |   6 |  986.8 |
       Dungeon |   4976 |   4845 |    131 |    960 |   3218 |   5 |  995.2 |
         Sewer |    945 |    945 |      0 |    117 |    574 |   1 |  945.0 |
               +--------+--------+--------+--------+--------+-----+--------+

Top non-repeatable levels by time:
     D:3: 1557 daAuts
     D:1: 1548 daAuts
     D:2: 948 daAuts
   Sewer: 945 daAuts
     D:4: 757 daAuts
     D:5: 165 daAuts
